 Dungeon Crawl Stone Soup version 0.22-a0-406-g9ff8d77 (webtiles) character file.

410 nikopol the Firebug (level 6, -1/46 HPs)
             Began as a Draconian Fire Elementalist on May 8, 2018.
             Slain by a quasit (2 damage)
             ... in a sewer.
             The game lasted 00:22:41 (3942 turns).

nikopol the Firebug (Draconian Fire Elementalist)   Turns: 3942, Time: 00:22:42

Health: -1/46      AC:  8    Str: 11    XL:     6   Next: 58%
Magic:  0/12       EV:  2    Int: 17    God:
Gold:   118        SH:  0    Dex: -8 (11) Spells: 3/13 levels left

rFire    . . .     SeeInvis .   n - +0 flail
rCold    . . .     Gourm    .   (no shield)
rNeg     . . .     Faith    .   (armour unavailable)
rPois    .         Spirit   .   (helmet restricted)
rElec    .         Reflect  .   m - +0 cloak (curse)
rCorr    .         Harm     .   h - +0 pair of gloves
MR       .....                  (no boots)
Stlth    ..........             (no amulet)
HPRegen  0.15/turn              (no ring)
MPRegen  0.13/turn              (no ring)

@: slowed, lost dexterity, very slow
A: unfitting armour, cold-blooded, AC +6
a: no special abilities


You were in a sewer.
You were very hungry.

You visited 1 branch of the dungeon, and saw 3 of its levels.
You also visited: Sewer.

You collected 118 gold pieces.

Inventory:

Hand Weapons
 n - a +0 flail (weapon)
Armour
 h - a +0 pair of gloves (worn)
 k - a +0 leather armour
 m - a cursed +0 cloak (worn)
Jewellery
 d - an uncursed ring of protection from cold {unknown}
Wands
 o - a wand of clouds (6)
 r - a wand of flame (30)
Scrolls
 g - 3 scrolls of identify
 i - a scroll of fear
 l - a scroll of fog
 s - a scroll of amnesia {unknown}
Potions
 a - 3 potions of heal wounds
 c - a potion of haste {unknown}
 e - a potion of resistance {unknown}
 j - 2 potions of ambrosia {unknown}
 p - a potion of lignification {unknown}
 t - a potion of degeneration {unknown}
 u - a potion of flight {unknown}
Comestibles
 b - 4 rations


   Skills:
 + Level 0.7 Fighting
 + Level 2.7 Dodging
 + Level 2.2 Stealth
 + Level 0.7 Unarmed Combat
 + Level 4.1 Spellcasting
 + Level 2.6 Conjurations
 + Level 4.7 Fire Magic


You had 3 spell levels left.
You knew the following spells:

 Your Spells              Type           Power        Failure   Level  Hunger
a - Flame Tongue          Conj/Fire      ###..        3%          1    None
b - Throw Flame           Conj/Fire      ###...       5%          2    ##.....
c - Conjure Flame         Conj/Fire      ###.....     11%         3    ###....
d - Sticky Flame          Conj/Fire      ###.....     34%         4    ####...


Dungeon Overview and Level Annotations

Branches:
Dungeon (3/15)

Altars:
Xom

Annotations:
D:2 Sigmund Sewer Grinder


Innate Abilities, Weirdness & Mutations

Your plain brown scales are hard. (AC +6)
You cannot fit into any form of body armour.
You are cold-blooded and may be slowed by cold attacks.


Message History

* * * LOW HITPOINT WARNING * * *
You feel clumsy.
The big kobold is engulfed in a cloud of scalding steam.
You kill the big kobold!
You barely miss the quasit.
The quasit bites you but does no damage.
The quasit claws you but does no damage. x2
The quasit bites you but does no damage.
The quasit claws you.
* * * LOW HITPOINT WARNING * * *
You feel clumsy. The quasit barely misses you. The quasit bites you.
* * * LOW HITPOINT WARNING * * *
You feel clumsy. The quasit claws you.
* * * LOW HITPOINT WARNING * * *
The quasit claws you but does no damage.
You closely miss the quasit. The quasit barely misses you.
The quasit claws you.
You die...

..≈≈≈≈≈≈≈≈≈≈≈≈#.≈≈#
).≈≈≈≈≈≈≈≈≈≈≈≈#.≈≈#
≈≈≈≈≈≈≈≈≈≈≈≈≈≈#.≈≈#
≈≈≈≈≈≈≈≈≈≈≈≈≈≈#..≈#
.≈≈≈≈≈≈≈≈≈≈≈≈≈#.≈≈#
≈≈≈≈≈≈≈≈≈≈≈≈≈≈#.≈≈#
############ ##K##
### ≈≈≈≈≈#5≈≈#≈≈≈≈≈
≈≈≈≈≈≈≈≈@≈≈≈≈≈≈≈
≈≈≈≈≈≈#≈.≈#≈≈≈≈≈ #
################


You could see a quasit and a kobold.

Vanquished Creatures
  A black bear (D:2)
  A big kobold (Sewer)
  Jessica (D:2)
  Terence (D:2)
  6 adders
  A shadow imp (Sewer)
  3 ufetubi (Sewer)
  An ooze (D:2)
  3 worms
  An adder skeleton (D:2)
  An adder zombie (Sewer)
  7 dart slugs
  3 leopard geckos
  An orc (D:3)
  2 ball pythons (D:2)
  A bat zombie (Sewer)
  4 giant cockroaches
  10 hobgoblins
  7 jackals
  A quokka (D:2)
  8 bats
  3 frilled lizards (D:2)
  2 goblins (D:1)
  22 kobolds
  A kobold zombie (Sewer)
  4 rats
96 creatures vanquished.

Vanquished Creatures (others)
  An adder zombie (Sewer)
  A kobold zombie (Sewer)
2 creatures vanquished.

Grand Total: 98 creatures vanquished

Notes
Turn   | Place    | Note
-------+----------+-------------------------------------------
     0 | D:1      | nikopol the Draconian Fire Elementalist began the quest for the Orb.
     0 | D:1      | Reached XP level 1. HP: 14/14 MP: 3/3
   157 | D:1      | Reached XP level 2. HP: 20/20 MP: 0/5
   912 | D:1      | Reached XP level 3. HP: 26/26 MP: 4/6
  1628 | D:2      | Found a shimmering altar of Xom.
  1685 | D:2      | Noticed Sigmund
  1691 | D:2      | Reached XP level 4. HP: 31/33 MP: 4/8
  1834 | D:2      | Learned a level 2 spell: Throw Flame
  1838 | D:2      | Learned a level 3 spell: Conjure Flame
  2028 | D:2      | Noticed a black bear
  2331 | D:2      | Noticed Terence
  2536 | D:2      | Noticed Jessica
  2539 | D:2      | Killed Jessica
  2716 | D:2      | Reached XP level 5. HP: 38/38 MP: 7/9
  2771 | D:2      | Killed Terence
  3309 | D:2      | Killed a black bear
  3309 | D:2      | Reached XP level 6. HP: 38/45 MP: 0/11
  3409 | D:2      | Learned a level 4 spell: Sticky Flame
  3490 | D:3      | Found a glowing drain.
  3527 | Sewer    | Entered a sewer
  3850 | Sewer    | Found a burning altar of Makhleb.
  3898 | Sewer    | Noticed Grinder
  3903 | Sewer    | Paralysed by Grinder for 5 turns
  3926 | Sewer    | Lost dexterity.
  3941 | Sewer    | HP: 2/46 [quasit (1)]
  3942 | Sewer    | Slain by a quasit

Vault maps used:
D:1:      dpeg_arrival_arbitrary_b, kennysheep_another_room, minmay_bisected
D:2:      xom_butterflies, minmay_divided_ellipse, uniq_jessica, uniq_terence,
          uniq_sigmund
D:3:      cheibrodos_sewer_entry_bend
Sewer:    kennysheep_sewer_church

Skill      XL: |  1  2  3  4  5  6 |
---------------+-------------------+-----
Dodging        | 2 |  2.7
Fire Magic     | 4 |  4.7
Spellcasting   | 3 4 |  4.1
Stealth        | 2 |  2.2
Conjurations   | 2 |  2.6
Fighting       | |  0.7
Unarmed Combat | |  0.7

Action                   |  1- 3 |  4- 6 || total
-------------------------+-------+-------++-------
Melee: Unarmed           |    13 |    19 ||    32
       Tailslap          |     2 |       ||     2
       Flail             |       |    24 ||    24
 Cast: Flame Tongue      |    72 |   137 ||   209
       Conjure Flame     |       |     3 ||     3
       Sticky Flame      |       |     1 ||     1
  Use: Scroll            |       |     6 ||     6
  Eat: Chunk             |     2 |     8 ||    10
Armor: Skin              |    15 |   195 ||   210
Dodge: Dodged            |    49 |   197 ||   246

Table legend:
 A = Spawn XP
 B = Non-spawn XP
 C = Spawn XP percentage of total XP
 D = Spawn monster count
 E = Non-spawn monster count
 F = Spawn count percentage of total count
 G = Total turns spent on level
                    A         B        C        D         E        F      G
               +---------+---------+-------+---------+---------+-------+---------
         Total |       0 |     587 |   0.0 |       0 |      96 |   0.0 |  3942
               +---------+---------+-------+---------+---------+-------+---------
           D:1 |       0 |      61 |   0.0 |       0 |      25 |   0.0 |  1537
           D:2 |       0 |     349 |   0.0 |       0 |      42 |   0.0 |  1895
           D:3 |       0 |      15 |   0.0 |       0 |       6 |   0.0 |    95
         Sewer |       0 |     162 |   0.0 |       0 |      23 |   0.0 |   415
               +---------+---------+-------+---------+---------+-------+---------
